Map: King's Cove LE

Players

nubnax - Winner!

  • Race: Protoss Protoss
  • League: Master
  • Spawn Location: 11:00

Mez

  • Race: Terran Terran
  • League: Master
  • Spawn Location: 5:00

VOD

Have the link to the VOD?

Description

Time

  • Played on: Aug. 11, 2019, 6:10 p.m.
  • Length: 9:53
Show
View Real Time Build Order
Export as new Build Order

nubnax Protoss - Winner!

Build Orders:  

Get SALT Encoding   

  12  0:02  Probe  
  14  0:14  Probe  
  14  0:18  Pylon  
  14  0:23  Probe  
  15  0:32  Probe  
  15  0:37  Gateway  
  15  0:41  Probe  
  16  0:47  Assimilator  
  17  0:53  Probe  
  18  1:05  Probe  
  19  1:15  Assimilator  
  19  1:17  Probe  
  20  1:24  Cybernetics Core  
  20  1:31  Probe  
  21  1:38  Pylon  
  21  1:43  Probe  
  22  1:55  Probe  
  22  1:57  Adept  
  22  2:00  Warp Gate  
  23  2:02  Robotics Facility  
  23  2:04  Gateway  
  25  2:18  Pylon  
  25  2:28  Pylon  
  25  2:36  Adept  
  27  2:42  Gateway  
  27  2:49  Pylon  
  27  2:56  Immortal  
  30  3:13  Probe  
  31  3:25  Adept  
  33  3:27  Warp Prism  
  33  3:30  Pylon  
  35  3:53  Shield Battery  
  35  3:54  Shield Battery  
  35  4:02  Adept  
  35  4:03  Adept  
  35  4:07  Adept  
  41  4:36  Stalker x3  
  47  4:41  Observer  
  44  5:08  Probe  
  44  5:12  Immortal  
  45  5:20  Adept x3, Probe  
  50  5:55  Adept x3  
  50  6:14  Immortal  
  54  6:39  Stalker x3  
  54  6:50  Probe  
  55  6:59  Nexus  
  51  7:03  Immortal  
  47  7:42  Stalker x3  
  51  7:57  Immortal  
  51  8:06  Probe  
  52  8:16  Adept x3  
  52  8:19  Probe  
  59  8:37  Adept x3  
  57  9:23  Stalker x3  
Show
View Real Time Build Order
Export as new Build Order

Mez Terran 

Build Orders: Reaper Expand 

Get SALT Encoding   

  12  0:01  SCV  
  13  0:13  SCV  
  14  0:19  Supply Depot  
  14  0:25  SCV  
  15  0:40  SCV  
  15  0:41  Barracks  
  16  0:46  Refinery  
  16  0:52  SCV  
  17  1:04  SCV  
  18  1:16  SCV  
  19  1:30  Reaper, Orbital Command  
  20  1:44  Command Center  
  20  1:52  Supply Depot  
  20  1:56  SCV  
  21  2:04  Barracks Reactor  
  21  2:15  SCV  
  22  2:16  Refinery  
  22  2:17  Bunker  
  22  2:27  SCV  
  22  2:29  Factory  
  22  2:39  SCV  
  22  2:42  Marine x2  
  25  2:56  SCV  
  26  2:58  Orbital Command  
  26  3:02  Marine x2  
  28  3:05  Bunker  
  28  3:15  Widow Mine  
  28  3:17  Starport  
  30  3:21  SCV  
  30  3:24  Marine  
  30  3:25  Marine  
  33  3:31  SCV  
  34  3:38  Bunker  
  33  3:43  SCV x2  
  33  3:46  Factory Tech Lab  
  33  3:47  Marine x2  
  37  3:54  Viking  
  39  3:59  Supply Depot  
  39  4:04  Marine  
  39  4:05  Marine  
  39  4:06  SCV x2  
  43  4:12  Siege Tank  
  46  4:21  SCV  
  46  4:22  SCV, Supply Depot  
  48  4:34  SCV x2  
  47  4:41  Viking  
  47  4:43  Marine x2  
  49  4:51  SCV  
  49  4:52  SCV  
  49  5:03  Marine x2  
  48  5:17  SCV  
  43  5:56  Siege Tank, Marine x2  
  48  5:57  Viking  
  49  6:07  SCV x2  
  47  6:19  SCV  
  47  6:32  SCV  
  29  6:40  Marine x2, Orbital Command  
  29  6:42  Siege Tank  
  30  6:52  Barracks  
  30  6:53  Barracks  
  30  6:58  Marine x2  
  29  7:14  Siege Tank, Orbital Command  
  32  7:16  Marine x2  
  32  7:20  Viking  
  33  7:50  Siege Tank  
  34  7:51  SCV  
  33  8:39  Marine x3  
  21  8:56  Marine  
  19  9:14  Reaper  
Tags
 
Add a new tag
Caveats
  • Supply blocks, unpowered buildings, or Contaminate may cause inaccurate times.
  • Supply counts are checked every 10 seconds.